 Dungeon Crawl Stone Soup version 0.28.0-1-gb440e238dd (webtiles) character file.

Game seed: 13885466785378370553

108 boopmooplesden the Covered (level 4, -3/41 HPs)
             Began as a Minotaur Fighter on Feb 20, 2022.
             Slain by Sigmund (11 damage)
             ... on level 2 of the Dungeon.
             The game lasted 00:02:03 (1805 turns).

boopmooplesden the Covered (Minotaur Fighter)       Turns: 1805, Time: 00:02:04

Health: -3/41      AC:  7    Str: 22    XL:     4   Next: 58%
Magic:  3/3        EV:  9    Int:  5    God:
Gold:   103        SH:  4    Dex: 10    Spells: 3/3 levels left

rFire   . . .      SeeInvis .   a - +0 long sword
rCold   . . .      Faith    .   c - +0 buckler
rNeg    . . .      Spirit   .   b - +0 scale mail
rPois   .          Reflect  .   (helmet restricted)
rElec   .          Harm     .   (no cloak)
rCorr   .          Rampage  .   (no gloves)
Will    .....                   (no boots)
Stlth   ..........              (no amulet)
HPRegen 0.13/turn               (no ring)
MPRegen 0.08/turn               (no ring)

@: no status effects
A: horns 2, retaliatory headbutt
a: no special abilities


You were on level 2 of the Dungeon.
You visited 1 branch of the dungeon, and saw 2 of its levels.

You collected 103 gold pieces.

Inventory:

Hand Weapons
 a - a +0 long sword (weapon)
 n - a +6 dagger of speed
Armour
 b - a +0 scale mail (worn)
 c - a +0 buckler (worn)
Scrolls
 e - a scroll of holy word {unknown}
 f - a scroll of teleportation {unknown}
 g - 2 scrolls of identify {unknown}
 i - a scroll of enchant weapon {unknown}
 k - a scroll of acquirement {unknown}
 m - a scroll of fog {unknown}
Potions
 d - a potion of might
 h - a potion of curing {unknown}
 j - a potion of cancellation {unknown}
 o - a potion of brilliance {unknown}


   Skills:
 + Level 4.4 Fighting
 + Level 3.4 Long Blades
 + Level 0.1 Throwing
 + Level 4.7 Armour
 + Level 0.5 Dodging
 + Level 4.2 Shields


You had 3 spell levels left.
You didn't know any spells.
Your spell library contained the following spells:

 Spells                   Type           Power      Damage    Failure   Level
 Animate Skeleton         Necr           0%         N/A       87%         1
 Apportation              Tloc           0%         N/A       87%         1
 Sting                    Tmut/Pois      0%         1d3       87%         1
 Static Discharge         Conj/Air       0%         N/A       95%         2
 Sublimation of Blood     Necr           0%         N/A       95%         2
 Wereblood                Tmut           0%         N/A       95%         2
 Ignite Poison            Fire/Tmut/Pois 0%         N/A       99%         3
 Mephitic Cloud           Conj/Pois/Air  0%         N/A       99%         3
 Freezing Cloud           Conj/Ice/Air   0%         6-21      100%        5
 Lightning Bolt           Conj/Air       0%         1d11      100%        5
 Summon Hydra             Summ           0%         N/A       100%        7
 Maxwell's Capacitive Co  Air            0%         ∞         100%        8


Dungeon Overview and Level Annotations

Branches:
Dungeon (2/15)

Altars:

Shops:
D:1 (

Annotations:
D:2 Sigmund


Innate Abilities, Weirdness & Mutations

You have a pair of horns on your head.
You reflexively headbutt those who attack you in melee.


Message History

You add the spells Static Discharge, Lightning Bolt and Maxwell's Capacitive Coupling to your library.
You see here a +0 robe.
You open the door.
There is an open door here.
A kobold comes into view. It is wielding a +0 club.
A kobold is nearby!
A kobold is nearby!
Sigmund the Dreaded comes into view.
He is wielding a +0 scythe.
Sigmund shouts!
You hit the kobold but do no damage.
You headbutt the kobold, but do no damage.
The kobold completely misses you. Sigmund barely misses you.
You miss the kobold. The kobold hits you with a +0 club.
Sigmund gestures wildly while chanting.
Sigmund flickers and vanishes!
Deactivating autopickup; reactivate with Ctrl-A.
You closely miss the kobold. Your headbutt misses the kobold.
The kobold hits you but does no damage. Something hits you!
The kobold hits you with a +0 club.
You barely miss the kobold. The kobold barely misses you.
You furiously retaliate!
You headbutt the kobold. Something hits you.
Throw: 4 javelins
Press: ? - help, Q - select action Shift-Dir - straight line You throw a javelin.
The javelin pierces through the kobold!
You kill the kobold!
Something hits you!
Throw: 3 javelins
Press: ? - help, Q - select action Shift-Dir - straight line You throw a javelin.
Something hits you but does no damage.
Throw: 2 javelins
Press: ? - help, Q - select action Shift-Dir - straight line You throw a javelin.
Something hits you!
* * * LOW HITPOINT WARNING * * *
Throw: javelin
Press: ? - help, Q - select action Shift-Dir - straight line You throw a javelin.
Something hits you!
You die...

######.# #..#.# # #.#
#..#.######### ####.#
#............# ###....#
#.##.#######.# #......#
#....#######.# ......##
######.......# ...####
#.####### .###
#########.##....# ##
#...@){(#....##.# #
#.#####.#######.#
#.#..{.....# #.# #
#######.#.###.##.# #.#
# #.......# ..# # #.# #
#.......#############.#
#
#.......'.............#
#
#.......#######.#######
# ######### #.#


There were no monsters in sight!

Vanquished Creatures
  Jessica (D:2)
  Robin (D:2)
  3 worms (D:2)
  2 dart slugs
  4 bats
  4 endoplasms
  2 giant cockroaches
  10 goblins
  9 hobgoblins
  6 kobolds
  A quokka (D:2)
  5 ball pythons
  2 frilled lizards
  5 rats
55 creatures vanquished.

Notes
Turn   | Place    | Note
-------+----------+-------------------------------------------
     0 | D:1      | boopmooplesden the Minotaur Fighter began the quest for the
                  | Orb.
     0 | D:1      | Reached XP level 1. HP: 19/19 MP: 0/0
    19 | D:1      | Found a faded altar of an unknown god.
    81 | D:1      | Reached XP level 2. HP: 25/27 MP: 1/1
   252 | D:1      | Got Zonuaxt's Introduction to Magic
   846 | D:1      | Found Mihoorah's Antique Weapon Shop.
   904 | D:2      | Reached XP level 3. HP: 29/33 MP: 2/2
  1157 | D:2      | Noticed Jessica
  1162 | D:2      | Killed Jessica
  1174 | D:2      | Reached XP level 4. HP: 25/40 MP: 3/3
  1318 | D:2      | Noticed Robin
  1344 | D:2      | Killed Robin
  1794 | D:2      | Noticed Sigmund
  1805 | D:2      | Slain by Sigmund

Illustrated notes

Levels and vault maps discovered:
D:1:      mrwooster_arrival_statue_3, layout_loops_cross,
          chequers_ecumenical_altar_island, serial_shops, shop,
          serial_bayou_ford_a, minivault_26, minmay_large_rounded_square
D:2:      layout_basic, serial_curves, eino_curves_04, eino_curves_02,
          uniq_jessica, uniq_robin, uniq_sigmund

Skill      XL: |  1  2  3 |
---------------+----------+-----
Armour         | 4 |  4.7
Fighting       | 4 |  4.4
Shields        | 4 |  4.2
Long Blades    | 3 |  3.4
Throwing       | |  0.1
Dodging        | |  0.5

Action                   |  1- 3 |  4- 6 || total
-------------------------+-------+-------++-------
Melee: Long sword        |    56 |    42 ||    98
       Headbutt          |     3 |     9 ||    12
Throw: Javelin           |     5 |     6 ||    11
Armor: Scale mail        |    28 |    19 ||    47
Dodge: Dodged            |    23 |    25 ||    48
Block: Buckler           |    15 |    11 ||    26
